 Dungeon Crawl Stone Soup version 0.27-a0-1177-g245c70e1c0 (webtiles) character file.

Game seed: 14155652271305901048

226 voltaire321 the Gusty (level 5, 0/42 HPs)
             Began as a Draconian Air Elementalist on May 16, 2021.
             Killed by divine providence
             ... invoked by an orc priest
              (12 damage)
             ... on level 4 of the Dungeon on May 17, 2021.
             The game lasted 00:14:38 (3829 turns).

voltaire321 the Gusty (Draconian Air Elementalist)  Turns: 3829, Time: 00:14:38

Health: 0/42       AC:  7    Str: 10    XL:     5   Next: 69%
Magic:  8/9        EV: 12    Int: 16    God:
Gold:   143        SH:  5    Dex: 12    Spells: 3/10 levels left

rFire    . . .     SeeInvis .   a - +1 short sword
rCold    . . .     Faith    .   (no shield)
rNeg     . . .     Spirit   .   (armour unavailable)
rPois    .         Reflect  +   (helmet restricted)
rElec    .         Harm     .   c - +0 cloak
rCorr    .         Rampage  .   (no gloves)
Will     .....                  h - +0 pair of boots
Stlth    ++........             e - amulet of reflection
HPRegen  0.14/turn              (no ring)
MPRegen  0.11/turn              (no ring)

@: no status effects
A: AC +5, unfitting armour, cold-blooded
a: no special abilities


You were on level 4 of the Dungeon.
You visited 1 branch of the dungeon, and saw 4 of its levels.

You collected 179 gold pieces.
You spent 36 gold pieces at shops.

Inventory:

Hand Weapons
 a - a +1 short sword (weapon)
Missiles
 f - 17 poisoned darts
Armour
 c - a +0 cloak (worn)
 h - a +0 pair of boots (worn)
Jewellery
 e - an amulet of reflection (around neck)
Scrolls
 j - a scroll of amnesia {unknown}
Potions
 b - 2 potions of heal wounds {unknown}
 d - a potion of resistance
 g - a potion of lignification {unknown}
 i - 2 potions of brilliance {unknown}
 k - a potion of curing
 l - a potion of attraction {unknown}


   Skills:
 + Level 2.4 Fighting
 + Level 2.9 Dodging
 - Level 1.7 Stealth
 + Level 3.0 Spellcasting
 + Level 2.6 Conjurations
 + Level 3.9 Air Magic


You had 3 spell levels left.
You knew the following spells:

 Your Spells              Type           Power      Damage    Failure   Level
a - Shock                 Conj/Air       48%        1d6       4%          1
b - Static Discharge      Conj/Air       12%        N/A       8%          2
c - Airstrike             Air            7%         N/A       36%         4

Your spell library contained the following spells:

 Spells                   Type           Power      Damage    Failure   Level
 Magic Dart               Conj           40%        1d5       6%          1
 Swiftness                Air            14%        N/A       11%         3
 Corona                   Hex            2%         N/A       19%         1
 Mephitic Cloud           Conj/Pois/Air  9%         N/A       22%         3
 Blink                    Tloc           N/A        N/A       28%         2
 Call Imp                 Summ           2%         N/A       28%         2
 Ensorcelled Hibernation  Hex/Ice        4%         N/A       28%         2
 Slow                     Hex            2%         N/A       28%         2
 Conjure Flame            Conj/Fire      6%         6-21      32%         3
 Dazzling Flash           Conj/Hex       12%        N/A       32%         3
 Confusing Touch          Hex            2%         N/A       50%         3
 Tukima's Dance           Hex            2%         N/A       50%         3
 Lightning Bolt           Conj/Air       6%         1d18      80%         5


Dungeon Overview and Level Annotations

Branches:
Dungeon (4/15)
 Temple: D:4-7

Altars:
Sif Muna

Shops:
D:3 ??   D:4 !

Annotations:
D:3 Sigmund
D:4 2 transporters


Innate Abilities, Weirdness & Mutations

Your plain brown scales are hard. (AC +5)
You cannot fit into any form of body armour.
You are cold-blooded and may be slowed by cold attacks.


Message History

You open the large door.
A quokka, an endoplasm, a kobold, an orc priest and a skeleton come into view.
Found a knobbly bone ring, a scroll labelled PYKLAU INIYFF and a ring mail.
Casting: Static Discharge (safe; 8% risk of failure)
Confirm with . or Enter, or press ? or * to list all spells.
Okay, then.
Casting: Static Discharge (safe; 8% risk of failure)
Confirm with . or Enter, or press ? or * to list all spells.
Aiming: Shock (safe; 4% risk of failure)
Press: ? - help, Shift-Dir - straight line, f - orc priest
Aim: an orc priest, wielding a +0 hand axe (asleep, 100% to hit)
The zap hits the water moccasin skeleton.
The water moccasin skeleton is lightly damaged.
The zap hits the orc priest.
The orc priest is moderately wounded.
The orc priest shouts!
The endoplasm quivers.
The water moccasin skeleton bites you.
The orc priest begins to cast a cantrip, but forgets the words!
There is an open door here.
The orc priest calls down the wrath of Beogh upon you.
Beogh smites you!
The orc priest invokes the aid of Beogh against you.
Beogh smites you!
* * * LOW HITPOINT WARNING * * *
You hear a shout!
Casting: Shock (safe; 4% risk of failure)
Confirm with . or Enter, or press ? or * to list all spells.
Aiming: Shock (safe; 4% risk of failure)
Press: ? - help, Shift-Dir - straight line, f/p - orc priest
Aim: an orc priest, wielding a +0 hand axe (moderately wounded, 68% to hit)
The zap hits the quokka.
The quokka is lightly wounded.
The zap hits the endoplasm.
The endoplasm is heavily wounded.
The zap hits the orc priest.
The orc priest is moderately wounded.
The orc priest mumbles some strange prayers to Beogh against you.
Beogh smites you!
You die...

####### #.<..∩#
#.###.######### ###### #.#
#@#.......# #..... #.#
#.#....##§###.###. #########.#
#r#....#≈.§##.##.. .......:..#
#.#....#≈§§##'##..
########..###J#....#≈.§#...#.#
#####..#...Z....#≈.≈#......
#......#........#≈(≈#......
#......#..o.....#≈.≈######.
###......#........#≈.≈#......


You could see an orc priest, an endoplasm, a quokka and a water moccasin
skeleton.

Vanquished Creatures
  A bullfrog (D:4)
  A scorpion (D:4)
  3 adders
  2 worms (D:2)
  A dart slug (D:2)
  5 orcs
  3 bats
  7 endoplasms
  4 giant cockroaches
  3 goblins
  7 hobgoblins
  4 jackals (D:2)
  8 kobolds
  3 quokkas
  4 ball pythons
  7 frilled lizards
  3 rats
66 creatures vanquished.

Notes
Turn   | Place    | Note
-------+----------+-------------------------------------------
     0 | D:1      | voltaire321 the Draconian Air Elementalist began the quest
                  | for the Orb.
     0 | D:1      | Reached XP level 1. HP: 14/14 MP: 3/3
   253 | D:1      | Reached XP level 2. HP: 22/22 MP: 0/5
   259 | D:1      | Learned a level 2 spell: Static Discharge
   755 | D:1      | Reached skill level 1 in Fighting
  1081 | D:2      | Found a faded altar of an unknown god.
  1116 | D:2      | Reached XP level 3. HP: 28/28 MP: 3/6
  2037 | D:3      | Noticed Sigmund
  2167 | D:3      | Reached XP level 4. HP: 35/35 MP: 1/7
  2230 | D:3      | Found Qougiq's Magic Scroll Emporium.
  2610 | D:3      | Found a shimmering blue altar of Sif Muna.
  2843 | D:3      | Found Hubaci's Magic Scroll Emporium.
  3175 | D:3      | Learned a level 4 spell: Airstrike
  3196 | D:4      | Noticed a bullfrog
  3207 | D:4      | Killed a bullfrog
  3208 | D:4      | Reached XP level 5. HP: 30/41 MP: 1/9
  3361 | D:4      | Found Wihuin's Distillery.
  3367 | D:4      | Bought a potion of curing for 36 gold pieces
  3495 | D:4      | Found a transporter.
  3497 | D:4      | Noticed an ice beast
  3497 | D:4      | Noticed an ice beast
  3498 | D:4      | Noticed an ice beast
  3657 | D:4      | Found a transporter.
  3829 | D:4      | Killed from afar by an orc priest

Illustrated notes

Levels and vault maps discovered:
D:1:      sevenhm_arrival_forest_fort_small_6, layout_rooms
D:2:      layout_basic, shapermc_ecumenical_altar_venn
D:3:      layout_loops_ring, lemuel_crystal_altar, serial_shops, shop,
          shop_fountains, minmay_box_of_dots, uniq_sigmund
D:4:      gammafunk_cloud_chamber, layout_basic, lemuel_doored_altar,
          serial_shops, shop, amcnicky_mini_rare_corridor_liquid,
          kennysheep_generic_room_5

Skill      XL: |  1  2  3  4  5 |
---------------+----------------+-----
Dodging        | 2 |  2.9
Fighting       | 1 2 |  2.4
Conjurations   | 2 |  2.6
Spellcasting   | 3 |  3.0
Stealth        | |  1.7
Air Magic      | |  3.9

Action                   |  1- 3 |  4- 6 || total
-------------------------+-------+-------++-------
Melee: Unarmed           |    17 |       ||    17
       Short sword       |    41 |    29 ||    70
       Tailslap          |     5 |     2 ||     7
 Cast: Shock             |    81 |    31 ||   112
       Static Discharge  |     4 |     8 ||    12
  Use: Scroll            |     4 |     2 ||     6
Armor: Skin              |    23 |    16 ||    39
Dodge: Dodged            |    42 |    29 ||    71
Block: Other             |       |     7 ||     7

Table legend: (Time is in decaauts)
 A = Elapsed time spent in this place.
 B = Non-inter-level travel time spent in this place.
 C = Inter-level travel time spent in this place.
 D = Time resting spent in this place.
 E = Time spent auto-exploring this place.
 F = Levels seen in this place.
 G = Mean time per level.
                   A        B        C        D        E       F      G
               +--------+--------+--------+--------+--------+-----+--------+
         Total |   3837 |   3716 |    121 |    772 |   2263 |   4 |  959.2 |
       Dungeon |   3837 |   3716 |    121 |    772 |   2263 |   4 |  959.2 |
               +--------+--------+--------+--------+--------+-----+--------+

Top non-repeatable levels by time:
     D:2: 1311 daAuts
     D:3: 1089 daAuts
     D:1: 799 daAuts
     D:4: 637 daAuts
